 Dungeon Crawl Stone Soup version 0.27-a0-512-g57cc695410 (webtiles) character file.

Game seed: 8945271165932686113

37566 sahdkjhfkaj the Severer (level 13, -15/119 HPs)
             Began as a Minotaur Brigand on Mar 4, 2021.
             Was the Champion of Makhleb.
             Blown up by a great orb of eyes (30 damage)
             ... with a mindburst bolt
             ... on level 2 of the Abyss.
             The game lasted 00:31:35 (15932 turns).

sahdkjhfkaj the Severer (Minotaur Brigand)         Turns: 15932, Time: 00:31:35

Health: -15/119    AC: 24    Str: 27    XL:     13   Next: 59%
Magic:  6/12       EV: 16    Int:  8    God:    Makhleb [******]
Gold:   901        SH: 10    Dex: 12    Spells: 12/12 levels left

rFire    . . .     SeeInvis .   a - +4 hand axe (freeze)
rCold    . . .     Faith    .   N - +0 buckler
rNeg     . . .     Spirit   .   J - +5 plate armour {ponderous}
rPois    .         Reflect  +   (helmet restricted)
rElec    .         Harm     .   v - +1 cloak
rCorr    .         Rampage  .   (no gloves)
Will     .....                  U - +1 pair of boots
Stlth    ..........             D - amulet of reflection
HPRegen  0.29/turn              i - +6 ring of strength
MPRegen  0.13/turn              I - +4 ring of evasion

@: slow
A: horns 2, retaliatory headbutt
a: Renounce Religion, Minor Destruction, Lesser Servant of Makhleb, Major
Destruction, Greater Servant of Makhleb


You were on level 2 of the Abyss.
You worshipped Makhleb.
Makhleb was exalted by your worship.
You visited 2 branches of the dungeon, and saw 17 of its levels.
You visited the Abyss 1 time.
You also visited: Gauntlet.

You collected 901 gold pieces.

Inventory:

Hand Weapons
 a - a +4 hand axe of freezing (weapon)
 b - a +0 vampiric spear
Missiles
 d - 84 poisoned darts (quivered)
 e - 4 curare-tipped darts
 y - 3 throwing nets {!f}
Armour
 v - a +1 cloak (worn)
 w - a scarf of resistance
 J - a +5 plate armour of ponderousness (worn)
 N - a +0 buckler (worn)
 U - a +1 pair of boots (worn)
Jewellery
 i - a +6 ring of strength (left hand)
 x - a ring of protection from cold
 D - an amulet of reflection (around neck)
 I - a +4 ring of evasion (right hand)
 L - an amulet of magic regeneration
 O - a ring of see invisible
 T - a ring of protection from fire
Wands
 o - a wand of polymorph (16)
 r - a wand of paralysis (12)
 s - a wand of charming (18)
 K - a wand of iceblast (6)
 M - a wand of flame (33)
 S - a wand of acid (8)
Scrolls
 c - a scroll of blinking {!r}
 g - 3 scrolls of immolation {!r}
 k - 4 scrolls of enchant armour {!r}
 m - 2 scrolls of enchant weapon {!r}
 p - a scroll of torment {!r}
 u - 3 scrolls of amnesia {!r}
 A - 2 scrolls of magic mapping {!r}
 B - 11 scrolls of teleportation {!r}
 G - 3 scrolls of fog {!r}
 Q - a scroll of fear {!r}
 R - a scroll of vulnerability {!r}
Potions
 f - a potion of resistance {!q, unknown}
 h - 8 potions of haste {!q}
 j - a potion of invisibility {!q, unknown}
 l - a potion of berserk rage {!q, unknown}
 n - 4 potions of heal wounds {!q}
 q - 3 potions of curing {!q}
 t - a potion of degeneration {!q, unknown}
 z - 2 potions of brilliance {!q, unknown}
 C - 6 potions of might {!q}
 E - 3 potions of ambrosia {!q, unknown}
 F - 3 potions of lignification {!q}
 H - 3 potions of attraction {!q, unknown}
 P - 2 potions of magic {!q}


   Skills:
 + Level 12.3 Fighting
 - Level 2.1 Short Blades
 - Level 18.0 Axes
 - Level 2.0 Throwing
 - Level 10.0 Armour
 - Level 10.0 Dodging
 - Level 3.2 Stealth
 - Level 4.0 Shields
 - Level 5.0 Evocations


You had 12 spell levels left.
You didn't know any spells.
Your spell library contained the following spells:

 Spells                   Type           Power        Failure   Level
 Freeze                   Ice            0%           98%         1
 Confusing Touch          Hex            0%           100%        3
 Frozen Ramparts          Ice            0%           100%        3
 Gell's Gravitas          Tloc           0%           100%        3
 Ozocubu's Armour         Ice            0%           100%        3
 Hailstorm                Conj/Ice       0%           100%        4
 Petrify                  Tmut/Erth      0%           100%        4
 Summon Ice Beast         Ice/Summ       0%           100%        4
 Metabolic Englaciation   Hex/Ice        0%           100%        5
 Yara's Violent Unravell  Hex/Tmut       0%           100%        5


Dungeon Overview and Level Annotations

Branches:
Dungeon (11/15)            Temple (0/1) D:5            Lair (6/6) D:10
  Swamp (0/4) Lair:4        Snake (0/4) Lair:4        Slime (0/5) Lair:6
Gauntlet (visited)
    Orc: D:9-12

Altars:
Ashenzari
Elyvilon
Gozag
Makhleb
Nemelex Xobeh
Ru
Uskayaw
Wu Jian
Jiyva

Annotations:
Gauntlet 15 transporters, exclusion: 4 lightning spires


Innate Abilities, Weirdness & Mutations

You have a pair of horns on your head.
You reflexively headbutt those who attack you in melee.


Message History

The great orb of eyes bites you but does no damage.
The ettin skeleton hits you. The ettin skeleton hits you!
The great orb of eyes bites you! The ettin skeleton hits you!
* * * LOW HITPOINT WARNING * * *
The ettin skeleton hits you but does no damage.
The great orb of eyes bites you!
* * * LOW HITPOINT WARNING * * *
The ettin skeleton hits you!!
* * * LOW HITPOINT WARNING * * *
The ettin skeleton hits you!
* * * LOW HITPOINT WARNING * * *
The great orb of eyes gazes at you.
You shrug off the repeated paralysis!
The great orb of eyes bites you but does no damage.
The ettin skeleton completely misses you.
The ettin skeleton hits you!!
* * * LOW HITPOINT WARNING * * *
You hear a roar!
You can move again.
Okay, then.
Really quaff
n - 5 potions of heal wounds {!q}?
Okay, then.
There are monsters nearby!
Really quaff
n - 5 potions of heal wounds {!q}?
You feel much better.
You hear a roar!
The great orb of eyes bites you but does no damage.
The ettin skeleton hits you but does no damage.
The ettin skeleton hits you!
* * * LOW HITPOINT WARNING * * *
A smoke demon comes into view.
The great orb of eyes closely misses you.
The great orb of eyes gazes at you.
You feel your power leaking away. The smoke demon gestures at you.
Something smites you!
* * * LOW HITPOINT WARNING * * *
The great orb of eyes gazes at you.
Your mind is blasted!
You die...

. # . #.
##. .##
#..# ..#
#...####3#
# ## .#.Z#
#.# #.#G#
#....##.#
. .
#..####@#
...#.
.#.## #..
#.....## #
.#. #..#..
.# . ....
##...# # .
##. # ##.
.. # #. ..
# . .# . .
#. ..


You could see a great orb of eyes, a smoke demon and an ettin skeleton.

Vanquished Creatures
  Snorg (D:10)
  Harold (D:8)
  Fannar (Lair:1)
  Erica (D:10)
  7 hydras
  A death yak (Lair:2)
  A two-headed ogre (D:10)
  A cyclops (D:10)
  A worldbinder (Abyss:2)
  3 black mambas (Lair:4)
  2 torpor snails
  6 cane toads
  3 rime drakes
  Psyche (D:10)
  A freezing wraith (Abyss:2)
  9 komodo dragons
  4 polar bears
  A queen bee (Gauntlet)
  6 dream sheep (Lair:5)
  11 blink frogs
  Sigmund (D:4)
  5 wyverns
  39 yaks
  Grum (D:10)
  A basilisk (Lair:5)
  2 chaos spawn (Abyss:2)
  3 wargs (D:10)
  A small abomination (Abyss:2)
  21 water moccasins
  3 ice beasts
  An orc warrior (D:10)
  4 sky beasts
  4 ogres
  A centaur (D:8)
  29 wolves
  A phantom (D:9)
  3 kobold brigands (D:10)
  15 bullfrogs
  A gnoll sergeant (D:7)
  A wyvern skeleton (D:7)
  3 scorpions
  A water moccasin skeleton (D:6)
  10 killer bees
  A howler monkey (D:5)
  13 wights
  4 hounds
  A jelly (D:10)
  A gnoll shaman (D:6)
  3 orc priests
  2 centaur skeletons
  A bullfrog skeleton (D:9)
  Jessica (D:3)
  5 iguanas
  4 orc wizards
  9 hell rats
  2 worker ants
  A worker ant zombie (D:7)
  21 adders
  13 gnolls
  9 river rats (Lair:1)
  2 shadow imps
  6 white imps
  An ooze (D:1)
  2 ufetubi
  An adder skeleton (D:9)
  An adder zombie (D:9)
  2 worms
  3 dart slugs (D:2)
  2 leopard geckos
  19 orcs
  4 giant cockroaches
  3 hobgoblins
  13 jackals
  24 kobolds
  3 quokkas
  4 ball pythons
  7 bats
  8 frilled lizards
  4 goblins
  A jackal skeleton (D:4)
  A jackal zombie (D:7)
  6 rats
421 creatures vanquished.

Vanquished Creatures (others)
  An adder (D:10)
  3 orcs
  A quokka (D:9)
  20 fungi
  28 plants
53 creatures vanquished.

Grand Total: 474 creatures vanquished

Notes
Turn   | Place    | Note
-------+----------+-------------------------------------------
     0 | D:1      | sahdkjhfkaj the Minotaur Brigand began the quest for the
                  | Orb.
     0 | D:1      | Reached XP level 1. HP: 18/18 MP: 0/0
   273 | D:1      | Reached XP level 2. HP: 26/26 MP: 1/1
   872 | D:2      | Reached XP level 3. HP: 31/34 MP: 2/2
   972 | D:2      | Reached skill level 5 in Fighting
   989 | D:2      | Found a burning altar of Makhleb.
  1018 | D:2      | Became a worshipper of Makhleb the Destroyer
  1064 | D:2      | Reached XP level 4. HP: 42/42 MP: 3/3
  1080 | D:2      | Found a hide-covered altar of Uskayaw.
  1080 | D:2      | Found an ornate altar of the Wu Jian Council.
  1516 | D:3      | Noticed Jessica
  1526 | D:3      | Killed Jessica
  1527 | D:3      | Reached skill level 1 in Armour
  1650 | D:3      | Found a broken altar of Ashenzari.
  1677 | D:3      | Reached * piety under Makhleb
  1783 | D:3      | Found a sacrificial altar of Ru.
  1854 | D:3      | Reached XP level 5. HP: 50/50 MP: 4/4
  2245 | D:4      | Noticed Sigmund
  2255 | D:4      | Killed Sigmund
  2256 | D:4      | Reached XP level 6. HP: 52/57 MP: 5/5
  2278 | D:4      | Found a broken altar of Ashenzari.
  2433 | D:4      | Reached XP level 7. HP: 55/63 MP: 6/6
  2700 | D:5      | Entered Level 5 of the Dungeon
  3094 | D:5      | Found a staircase to the Ecumenical Temple.
  3742 | D:6      | Reached skill level 5 in Dodging
  4113 | D:6      | Reached XP level 8. HP: 63/70 MP: 7/7
  5086 | D:7      | Reached skill level 1 in Evocations
  5262 | D:7      | Reached ** piety under Makhleb
  6246 | D:8      | Reached skill level 5 in Evocations
  6246 | D:8      | Reached skill level 1 in Shields
  6332 | D:8      | Reached skill level 2 in Axes
  6332 | D:8      | Reached XP level 9. HP: 75/75 MP: 8/8
  6355 | D:8      | Noticed Harold
  6374 | D:8      | Killed Harold
  6375 | D:8      | Reached skill level 6 in Axes
  6510 | D:8      | Reached skill level 7 in Axes
  7098 | D:9      | Reached skill level 8 in Axes
  7365 | D:9      | Found a sparkling altar of Nemelex Xobeh.
  7461 | D:9      | Reached skill level 9 in Axes
  7590 | D:9      | Found a white marble altar of Elyvilon.
  7639 | D:9      | Reached *** piety under Makhleb
  7659 | D:9      | Found an opulent altar of Gozag.
  7808 | D:9      | Reached skill level 10 in Axes
  7863 | D:9      | Reached XP level 10. HP: 82/83 MP: 9/9
  7973 | D:10     | Entered Level 10 of the Dungeon
  8057 | D:10     | Noticed a two-headed ogre
  8086 | D:10     | Killed a two-headed ogre
  8087 | D:10     | Reached skill level 11 in Axes
  8209 | D:10     | Noticed Grum
  8212 | D:10     | Noticed Psyche
  8222 | D:10     | Killed Grum
  8223 | D:10     | Reached skill level 12 in Axes
  8431 | D:10     | Killed Psyche
  8517 | D:10     | Found a staircase to the Lair.
  8563 | D:10     | Noticed Snorg
  8576 | D:10     | Reached **** piety under Makhleb
  8584 | D:10     | Reached skill level 13 in Axes
  9351 | D:10     | Killed Snorg
  9352 | D:10     | Reached skill level 14 in Axes
  9352 | D:10     | Reached XP level 11. HP: 48/89 MP: 10/10
 10009 | Lair:1   | Entered Level 1 of the Lair of Beasts
 10074 | Lair:1   | Noticed an eight-headed hydra
 10077 | Lair:1   | Noticed an eight-headed hydra
 10097 | D:10     | Killed an eight-headed hydra
 10157 | Lair:1   | Reached skill level 15 in Axes
 10184 | Lair:1   | Killed an eight-headed hydra
 10353 | Lair:1   | Reached ***** piety under Makhleb
 10451 | Lair:1   | Noticed a four-headed hydra
 10466 | Lair:1   | Killed a four-headed hydra
 10467 | Lair:1   | Reached skill level 16 in Axes
 10619 | Lair:1   | Noticed Fannar
 10624 | Lair:1   | Noticed Erica
 10853 | D:10     | Killed Erica
 10961 | Lair:1   | Killed Fannar
 10962 | Lair:1   | Reached skill level 17 in Axes
 11302 | Lair:2   | Reached XP level 12. HP: 87/96 MP: 11/11
 11402 | Lair:2   | Noticed a death yak
 11431 | Lair:2   | Killed a death yak
 11432 | Lair:2   | Reached skill level 18 in Axes
 11836 | Lair:2   | Identified the +1 plate armour of Absence {Rampage rCorr
                  | Slay-3}
 12397 | Lair:3   | Reached skill level 10 in Armour
 13271 | Lair:4   | Reached skill level 10 in Dodging
 13284 | Lair:4   | Reached ****** piety under Makhleb
 13323 | Lair:4   | Reached XP level 13. HP: 105/105 MP: 12/12
 13432 | Lair:4   | Found a staircase to the Snake Pit.
 13461 | Lair:4   | Found a staircase to the Swamp.
 14511 | Lair:5   | Reached skill level 10 in Fighting
 15059 | Lair:6   | Entered Level 6 of the Lair of Beasts
 15133 | Lair:6   | Found a gate leading to a gauntlet.
 15139 | Lair:6   | Found a staircase to the Slime Pits.
 15139 | Lair:6   | Found a viscous altar of Jiyva.
 15155 | Gauntlet | Entered a Gauntlet
 15155 | Gauntlet | Found a transporter.
 15169 | Gauntlet | Found a transporter.
 15179 | Gauntlet | Found a transporter.
 15184 | Gauntlet | Found a transporter.
 15199 | Gauntlet | Found a transporter.
 15218 | Gauntlet | Found a transporter.
 15230 | Gauntlet | Found a transporter.
 15242 | Gauntlet | Found a transporter.
 15248 | Gauntlet | Found a transporter.
 15263 | Gauntlet | Found a transporter.
 15269 | Gauntlet | Found a transporter.
 15269 | Gauntlet | Found a transporter.
 15284 | Gauntlet | Found a transporter.
 15286 | Gauntlet | Noticed a death ooze
 15301 | Gauntlet | Found a transporter.
 15321 | Gauntlet | Found a transporter.
 15347 | Gauntlet | Found a transporter.
 15349 | Gauntlet | Found a transporter.
 15369 | Gauntlet | Found a transporter.
 15644 | Gauntlet | Cast into level 2 of the Abyss (a wizard)
 15644 | Abyss:2  | Found a corrupted altar of Lugonu.
 15923 | Abyss:2  | Paralysed by a great orb of eyes for 6 turns
 15932 | Abyss:2  | Blown up by a great orb of eyes

Illustrated notes

Levels and vault maps discovered:
D:1:      dpeg_arrival_pits, layout_loops_ring
D:2:      layout_rooms, bloody_makhleb, gammafunk_temple_overflow_pools
D:3:      layout_basic, lemuel_crystal_altar, nicolae_overflow_crystal_walls,
          uniq_jessica
D:4:      layout_rooms, nicolae_ashenzari_panopticon, uniq_sigmund
D:5:      layout_basic, temple_fountains
D:6:      layout_layer_cave
D:7:      layout_basic, minmay_starry_boxes
D:8:      layout_loops_ring, uniq_harold
D:9:      layout_basic, nemelex_xobeh_ov_fountains_minmay, grunt_gozag_statues,
          elyvilon_altar_4, minmay_misc_feat_rows
D:10:     layout_roguey, erik_lair_orcish_takeover, serial_corexii_hall,
          corexii_hall_statues_x, corexii_hall_statues_t,
          corexii_hall_statues_x, chequers_hall_statues_corner_a,
          corexii_hall_statues_deadend, chequers_hall_statues_y, uniq_snorg,
          uniq_psyche, uniq_grum
D:11:     layout_layer_cave, hiddenorc1_lemuel, uniq_erolcha
Lair:1:   layout_gridlike, kennysheep_rathole, lemuel_fruit_fields, uniq_erica,
          uniq_fannar
Lair:2:   layout_cellular_growth
Lair:3:   layout_long_grid, lemuel_fruit_fields
Lair:4:   layout_concentric_octagons, swamp_mist,
          minmay_snake_entry_six_corridors
Lair:5:   layout_loops_ring
Lair:6:   minmay_lair_end_enchanted_forest, layout_long_grid, slime_altar_1,
          gauntlet_entry_generic, st_stairs_6, chequers_serial_rivers_small_3,
          minmay_lair_oklob_chamber, uniq_nessos
Abyss:2:  base:
D:13
Gauntlet: gammafunk_gauntlet_one_two_three [gammafunk_gauntlet_arena_spirals,
          nicolae_gauntlet_arena_blocks, gammafunk_gauntlet_arena_split_x,
          nicolae_gauntlet_arena_x, nicolae_gauntlet_arena_quarters,
          gammafunk_gauntlet_arena_crates, gammafunk_gauntlet_arena_teeth,
          gammafunk_gauntlet_arena_corners,
          gammafunk_gauntlet_arena_split_diamond, gauntlet_exit_spiral]

Skill      XL: |  1  2  3  4  5  6  7  8  9 10 11 12 13 |
---------------+----------------------------------------+-----
Fighting       | 3 4 5 6 7 12 | 12.3
Armour         | 2 6 10 | 10.0
Dodging        | 3 6 7 10 | 10.0
Evocations     | 5 |  5.0
Shields        | 4 |  4.0
Axes           | 2 10 14 17 18 | 18.0
Short Blades   | |  2.1
Throwing       | |  2.0
Stealth        | |  3.2

Action                   |  1- 3 |  4- 6 |  7- 9 | 10-12 | 13-15 || total
-------------------------+-------+-------+-------+-------+-------++-------
Melee: Dagger            |    36 |       |       |       |       ||    36
       Headbutt          |     4 |    20 |    77 |   150 |    80 ||   331
       Short sword       |    30 |   119 |   228 |    38 |       ||   415
       Spear             |       |       |   138 |    63 |    36 ||   237
       Hand axe          |       |       |       |   579 |   247 ||   826
Throw: Dart              |       |       |     1 |       |       ||     1
Evoke: Wand              |       |       |       |     4 |     1 ||     5
  Use: Scroll            |     2 |     3 |     7 |     4 |     6 ||    22
       Potion            |       |       |     1 |       |     1 ||     2
 Stab: Sleeping          |     6 |       |       |       |       ||     6
       Distracted        |       |       |       |     1 |       ||     1
Armor: Robe              |    17 |       |       |       |       ||    17
       Chain mail        |     1 |    42 |       |       |       ||    43
       Skin              |       |     2 |       |       |       ||     2
       Plate armour      |       |    33 |   154 |   189 |   104 ||   480
Dodge: Dodged            |    43 |    56 |   143 |   278 |   132 ||   652
Block: Buckler           |       |       |    57 |   260 |   136 ||   453
       Reflection        |       |       |     2 |     3 |       ||     5

Table legend: (Time is in decaauts)
 A = Elapsed time spent in this place.
 B = Non-inter-level travel time spent in this place.
 C = Inter-level travel time spent in this place.
 D = Time resting spent in this place.
 E = Time spent auto-exploring this place.
 F = Levels seen in this place.
 G = Mean time per level.
                   A        B        C        D        E       F      G
               +--------+--------+--------+--------+--------+-----+--------+
         Total |  16210 |  15431 |    779 |    720 |  11756 |  19 |  853.2 |
       Dungeon |  10448 |   9832 |    616 |    539 |   7446 |  11 |  949.8 |
          Lair |   4965 |   4802 |    163 |      0 |   3987 |   6 |  827.5 |
         Abyss |    276 |    276 |      0 |    181 |      0 |   1 |  276.0 |
      Gauntlet |    518 |    518 |      0 |      0 |    323 |   1 |  518.0 |
               +--------+--------+--------+--------+--------+-----+--------+

Top non-repeatable levels by time:
    D:10: 2017 daAuts
     D:6: 1754 daAuts
     D:9: 1279 daAuts
  Lair:4: 1199 daAuts
  Lair:3: 1028 daAuts
  Lair:2: 988 daAuts
  Lair:1: 967 daAuts
     D:8: 949 daAuts
     D:4: 882 daAuts
     D:5: 832 daAuts
     D:1: 807 daAuts
  Lair:5: 744 daAuts
     D:7: 743 daAuts
     D:2: 690 daAuts
Gauntlet: 518 daAuts
